AoeStats
← tony le gros rou

Black Forest

507563577Analyzed
4v4 RM · 13d ago on Sep 18, 2026· 42m 37s· 8 players
Game mode
Random Map
Map size
Large (8 player)
Population
200
Speed
Normal
Resources
Standard
Victory
Conquest
Starting age
Dark Age
Ending age
Imperial Age
RankedLock teamsTeams togetherTeam positionsShared explorationLock speedFull tech treeHidden civsTurbo modeCheats
Victory
Defeat
🇧🇷 Georgians · Brazil
1546
+15
🇪🇸 Britons · Spain
1465
+18
🇮🇹 Japanese · Italy
1401
+21
🇮🇹 Saracens · Italy
1304
+25
🇫🇷 Mongols · France
1568
-22
🇫🇷 Saracens · France
1507
-20
🇩🇪 Khmer · Germany
1496
-19
🇫🇷 Britons · France
1473
-18
JesusVII
1:19 Loom
9:42 Feudal Age
10:13 Double-Bit Axe
13:13 Fletching
23:58 Wheelbarrow
26:29 Castle Age
26:00 Stone Mining
26:59 Gold Mining
26:50 Horse Collar
26:32 Crossbowman
27:41 Bodkin Arrow
29:15 Town Watch
30:16 Bow Saw
30:36 Padded Archer Armor
31:30 Ballistics
32:39 Wheelbarrow
42:28 Imperial Age
43:07 Hand Cart
42:36 Arbalester
HSL | ilBuonFabio
0:39 Loom
11:57 Feudal Age
14:39 Fletching
18:12 Castle Age
17:19 Double-Bit Axe
28:24 Bow Saw
37:42 Horse Collar
38:53 Heavy Plow
39:01 Gold Mining
39:01 Stone Mining
leoverosoad
11:42 Feudal Age
15:10 Double-Bit Axe
15:43 Fishing Lines
20:19 Castle Age
20:41 Gold Mining
21:28 Scale Barding Armor
22:29 Bloodlines
22:20 Husbandry
22:33 Forging
24:07 Wheelbarrow
23:19 Loom
25:10 Chain Barding Armor
26:50 Hand Cart
29:59 Imperial Age
28:19 Bow Saw
28:48 Gold Shaft Mining
29:03 Iron Casting
28:32 Gillnets
30:50 Heavy Camel Rider
30:56 Onager
35:04 Plate Barding Armor
35:29 Blast Furnace
35:10 Horse Collar
35:43 Town Watch
37:15 Caravan
EoK_pr1ston
4:57 Loom
12:10 Feudal Age
16:29 Castle Age
15:07 Double-Bit Axe
16:31 Horse Collar
18:33 Bow Saw
28:47 Heavy Plow
30:22 Wheelbarrow
29:53 Gold Mining
29:54 Stone Mining
33:52 Imperial Age
31:24 Fletching
32:02 Bodkin Arrow
32:04 Guard Tower
32:29 Svan Towers
33:53 Ballistics
33:13 Treadmill Crane
33:44 Masonry
33:29 Murder Holes
33:29 Pikeman
34:11 Squires
35:14 Keep
35:40 Chemistry
34:41 Bracer
34:25 Halberdier
35:06 Scale Mail Armor
35:17 Forging
35:45 Coinage
36:06 Conscription
35:47 Arrowslits
36:13 Masonry
35:58 Murder Holes
37:03 Chain Mail Armor
38:49 Plate Mail Armor
38:54 Iron Casting
40:15 Banking
42:50 Blast Furnace
Tonymontana
3:49 Loom
8:47 Feudal Age
13:07 Fletching
15:45 Padded Archer Armor
19:54 Double-Bit Axe
20:57 Horse Collar
26:38 Castle Age
25:01 Gold Mining
26:42 Crossbowman
27:20 Bodkin Arrow
28:13 Wheelbarrow
31:04 Leather Archer Armor
32:20 Gold Shaft Mining
34:58 Bow Saw
34:51 Heavy Plow
35:08 Hand Cart
35:42 Stone Mining
41:58 Imperial Age
ccereal
2:54 Loom
7:16 Feudal Age
10:40 Fletching
20:30 Gold Mining
22:41 Castle Age
21:55 Horse Collar
22:53 Double-Bit Axe
23:22 Bodkin Arrow
23:40 Padded Archer Armor
23:06 Crossbowman
23:58 Bow Saw
30:07 Wheelbarrow
31:06 Stone Mining
32:44 Fortified Wall
37:54 Imperial Age
36:17 Leather Archer Armor
36:52 Hand Cart
36:23 Town Watch
37:18 Husbandry
38:11 Ballistics
37:57 Arbalester
38:42 Bracer
39:05 Masonry
40:23 Chemistry
40:14 Heavy Plow
41:01 Thumb Ring
41:43 Bloodlines
41:55 Conscription
tony le gros rou
0:57 Loom
10:38 Feudal Age
14:45 Castle Age
15:18 Scale Barding Armor
15:24 Forging
15:10 Double-Bit Axe
29:19 Horse Collar
36:21 Imperial Age
34:16 Masonry
35:24 Bloodlines
35:15 Husbandry
37:06 Chain Barding Armor
37:21 Iron Casting
38:02 Chemistry
37:21 Heavy Camel Rider
40:08 Siege Engineers
p0n0n0
1:45 Loom
10:48 Feudal Age
15:24 Castle Age
16:10 Double-Bit Axe
18:34 Bow Saw
22:49 Horse Collar
25:53 Heavy Plow
28:18 Wheelbarrow
28:56 Husbandry
29:07 Bloodlines
29:59 Gold Mining
30:32 Scale Barding Armor
31:13 Hand Cart
31:14 Forging
33:13 Chain Barding Armor
35:27 Imperial Age
36:25 Iron Casting
35:50 Tusk Swords
36:05 Elite Battle Elephant
38:32 Plate Barding Armor
37:46 Light Cavalry
39:21 Conscription
41:42 Gold Shaft Mining
43:12 Blast Furnace
Connection lost

Rejoining the realm…

Still unreachable

The connection could not be restored.

Session expired

The server has moved on; the page needs a fresh start.